APL (24 & UNDER)
ATHENS ASSASSINS @ BEAVERTON BRONZE SOULS
09/14/2025
 
TOP OF THE 1ST
Athens Assassins batting - Pitching for Beaverton Bronze Souls : RHP Tim Cameron
Pitching: RHP Tim Cameron
Batting: SHB José Estreito 0-0: Called Strike
0-1: Ball
1-1: Called Strike
1-2: Foul Ball, location: 2F
1-2: Foul Ball, location: 2F
1-2: SINGLE (Groundball, 34)
Batting: RHB Juan Gonzáles 0-0: Called Strike
0-1: Ball
1-1: Fielders Choice at 2nd, 5-4 (Groundball, 56)
Batting: RHB Jorge Loanos 0-0: Ball
1-0: Swinging Strike
1-1: Ball
2-1: Fly out, F7 (Flyball, 7S)
Batting: LHB Terry Simpson 0-0: Ball
1-0: Swinging Strike
1-1: Foul Ball, location: 2F
1-2: Ball
2-2: Foul Ball, location: 2F
Pickoff Throw to First - Out!
Top of the 1st over - 0 run(s), 1 hit(s), 0 error(s), 0 left on base; Athens 0 - Beaverton 0
BOTTOM OF THE 1ST
Beaverton Bronze Souls batting - Pitching for Athens Assassins : RHP António Molina
Pitching: RHP António Molina
Batting: RHB Juan Becerra 0-0: Ball
1-0: Ball
2-0: Ball
3-0: Base on Balls
Batting: LHB Richard Méndez 0-0: Ball
1-0: Foul Ball, location: 2F
1-1: Foul Ball, location: 2F
1-2: Fly out, F8 (Line Drive, 8LM)
Batting: RHB Brian Dixon 0-0: Called Strike
0-1: Ball
1-1: Ball
2-1: Called Strike
2-2: SINGLE (Line Drive, 8LS)
Juan Becerra to second
Runner from 2nd tries for 3rd, SAFE, no throw or cutoff
Batting: RHB Jim Villiers 0-0: Foul Ball, location: 2F
0-1: Foul Ball, location: 2F
0-2: Ball
1-2: Ball
2-2: Ball
3-2: Base on Balls
Brian Dixon to second
Batting: RHB Jaime Rodríguez 0-0: Foul Ball, location: 2F
0-1: Foul Ball, location: 2F
0-2: Fielders Choice at 2nd, 6-4 (Groundball, 6M)
Juan Becerra scores
Brian Dixon to third
Batting: SHB Jesús Sosa 0-0: Foul Ball, location: 2F
0-1: SINGLE (Groundball, 4MD)
Brian Dixon scores
Jaime Rodríguez to second
Runner from 2nd tries for 3rd, SAFE, throw made to third
Batting: LHB Miguel Barrón 0-0: Ball
1-0: Called Strike
1-1: Foul Ball, location: 2F
1-2: Foul Ball, location: 2F
1-2: Ball
2-2: Strikes out looking
Bottom of the 1st over - 2 run(s), 2 hit(s), 0 error(s), 2 left on base; Athens 0 - Beaverton 2
TOP OF THE 2ND
Athens Assassins batting - Pitching for Beaverton Bronze Souls : RHP Tim Cameron
Batting: LHB Terry Simpson 0-0: Called Strike
0-1: Ball
1-1: SINGLE (Groundball, 25) (infield hit)
Batting: LHB António Romo 0-0: Foul Ball, location: 2F
0-1: Foul Ball, location: 2F
0-2: Strikes out swinging
Batting: LHB Giovannino Arduino 0-0: Called Strike
0-1: Ball
1-1: Ball
2-1: Swinging Strike
2-2: Ball
3-2: Foul Ball, location: 2F
3-2: Foul Ball, location: 2F
3-2: Foul Ball, location: 2F
3-2: Foul Ball, location: 2F
3-2: Foul Ball, location: 2F
3-2: Foul Ball, location: 2F
3-2: Base on Balls
Terry Simpson to second
Batting: LHB Al Bartlett 0-0: Ball
1-0: Foul Ball, location: 2F
1-1: Ball
2-1: Ball
3-1: Called Strike
3-2: Fielders Choice at 2nd, 4-6 (Groundball, 4)
Terry Simpson to third
Batting: LHB Luis Vázquez 0-0: Ball
1-0: Ball
2-0: Ball
3-0: Called Strike
3-1: Swinging Strike
3-2: Strikes out swinging
Top of the 2nd over - 0 run(s), 1 hit(s), 0 error(s), 2 left on base; Athens 0 - Beaverton 2
BOTTOM OF THE 2ND
Beaverton Bronze Souls batting - Pitching for Athens Assassins : RHP António Molina
Batting: RHB David Kerr 0-0: Called Strike
0-1: Ball
1-1: Foul Ball, location: 2F
1-2: Ball
2-2: Ball
3-2: Ground out 6-3 (Groundball, 6)
Batting: RHB Tom Hicks 0-0: SINGLE (Groundball, 6MD)
Batting: RHB Juan Becerra 0-0: Ball
1-0: Called Strike
1-1: Foul Ball, location: 2F
1-2: Ball
2-2: Ball
3-2: Base on Balls
Tom Hicks to second
Batting: LHB Richard Méndez 0-0: Ball
1-0: Ball
2-0: Foul Ball, location: 2F
2-1: Foul Ball, location: 2F
2-2: Fly out, F8 (Flyball, 78D)
Batting: RHB Brian Dixon 0-0: Swinging Strike
0-1: Foul Ball, location: 2F
0-2: Ball
1-2: Ball
2-2: Foul Ball, location: 2F
2-2: Foul Ball, location: 2F
2-2: Ball
3-2: Base on Balls
Tom Hicks to third
Juan Becerra to second
Batting: RHB Jim Villiers 0-0: Ball
1-0: Foul Ball, location: 2F
1-1: Fly out, F3 (Popup, 3F)
Bottom of the 2nd over - 0 run(s), 1 hit(s), 0 error(s), 3 left on base; Athens 0 - Beaverton 2
TOP OF THE 3RD
Athens Assassins batting - Pitching for Beaverton Bronze Souls : RHP Tim Cameron
Batting: LHB Tommy Payne 0-0: SINGLE (Flyball, 78S)
Batting: SHB José Estreito 0-0: Ball
Tommy Payne steals 2nd base
1-0: Swinging Strike
1-1: Swinging Strike
1-2: Ball
2-2: Ball
3-2: SINGLE (Flyball, 9S)
Tommy Payne to third
Runner from 3rd tries for Home, SAFE, no throw or cutoff
Batting: RHB Juan Gonzáles 0-0: Ball
1-0: Swinging Strike
1-1: Ball
2-1: Swinging Strike
2-2: Foul Ball, location: 2F
2-2: Ball
3-2: Grounds into double play, 6-4-3 (Groundball, 6)
Batting: RHB Jorge Loanos 0-0: Ball
1-0: Ball
2-0: SINGLE (Line Drive, 6D)
Batting: LHB Terry Simpson 0-0: Called Strike
0-1: Ball
1-1: Ball
2-1: Foul Ball, location: 2F
2-2: Strikes out looking
Top of the 3rd over - 1 run(s), 3 hit(s), 0 error(s), 1 left on base; Athens 1 - Beaverton 2
BOTTOM OF THE 3RD
Beaverton Bronze Souls batting - Pitching for Athens Assassins : RHP António Molina
Batting: RHB Jaime Rodríguez 0-0: Fly out, F8 (Flyball, 8RS)
Batting: SHB Jesús Sosa 0-0: Ground out 4-3 (Groundball, 4M)
Batting: LHB Miguel Barrón 0-0: SINGLE (Line Drive, 56D)
Batting: RHB David Kerr 0-0: Called Strike
0-1: Ball
1-1: Called Strike
1-2: Ball
2-2: SINGLE (Groundball, 56)
Miguel Barrón to second
Batting: RHB Tom Hicks 0-0: Ball
1-0: Ball
2-0: Foul Ball, location: 2F
2-1: Foul Ball, location: 2F
2-2: Ball
3-2: Foul Ball, location: 2F
3-2: SINGLE (Line Drive, 34)
Miguel Barrón to third
David Kerr to second
Miguel Barrón scores
David Kerr to third
Pitching: RHP Anastasio García
Batting: RHB Juan Becerra 0-0: Ball
1-0: Ground out 6-3 (Groundball, 6)
Bottom of the 3rd over - 1 run(s), 3 hit(s), 0 error(s), 2 left on base; Athens 1 - Beaverton 3
TOP OF THE 4TH
Athens Assassins batting - Pitching for Beaverton Bronze Souls : RHP Tim Cameron
Batting: LHB António Romo 0-0: Fly out, F9 (Line Drive, 9M)
Batting: LHB Giovannino Arduino 0-0: Called Strike
0-1: Ball
1-1: Swinging Strike
1-2: Foul Ball, location: 2F
1-2: Ball
2-2: Foul Ball, location: 2F
2-2: DOUBLE (Line Drive, 8LM)
Pitching: LHP Reynaldo Vázquez
Batting: LHB Al Bartlett 0-0: Ground out 5-3 (Groundball, 5L)
Batting: LHB Luis Vázquez 0-0: Foul Ball, location: 2F
0-1: TRIPLE (Flyball, 78M)
Giovannino Arduino scores
Batting: LHB Tommy Payne 0-0: Called Strike
0-1: Foul Ball, location: 2F
0-2: Ball
1-2: Foul Ball, location: 2F
1-2: Ground out 3-1 (Groundball, 34)
Top of the 4th over - 1 run(s), 2 hit(s), 0 error(s), 1 left on base; Athens 2 - Beaverton 3
BOTTOM OF THE 4TH
Beaverton Bronze Souls batting - Pitching for Athens Assassins : RHP Anastasio García
Batting: LHB Richard Méndez 0-0: Ball
1-0: Called Strike
1-1: Foul Ball, location: 2F
1-2: Foul Ball, location: 2F
1-2: Ball
2-2: SINGLE (Groundball, 3D)
Batting: RHB Brian Dixon 0-0: Foul Ball, location: 2F
0-1: Foul Ball, location: 2F
0-2: SINGLE (Groundball, 56D) (infield hit)
Richard Méndez to second
Batting: RHB Jim Villiers 0-0: Called Strike
0-1: Called Strike
0-2: Foul Ball, location: 2F
0-2: Ball
1-2: Ball
2-2: Ball
3-2: Base on Balls
Richard Méndez to third
Brian Dixon to second
Batting: RHB Jaime Rodríguez 0-0: Ball
Balk!
Richard Méndez scores
Brian Dixon to third
Jim Villiers to second
1-0: Ball
2-0: Ball
3-0: Base on Balls
Batting: SHB Jesús Sosa 0-0: Ball
1-0: Fly out, F9 (Flyball, 8RXD)
Runner from 3rd tags up, SCORES, no throw
Jim Villiers to third
Batting: LHB Miguel Barrón 0-0: Ball
1-0: Foul Ball, location: 2F
1-1: Ball
2-1: Swinging Strike
2-2: Strikes out swinging
Batting: RHB David Kerr 0-0: Swinging Strike
0-1: Foul Ball, location: 2F
0-2: Strikes out swinging
Bottom of the 4th over - 2 run(s), 2 hit(s), 0 error(s), 2 left on base; Athens 2 - Beaverton 5
TOP OF THE 5TH
Athens Assassins batting - Pitching for Beaverton Bronze Souls : LHP Reynaldo Vázquez
Batting: SHB José Estreito 0-0: Bunt for hit - play at first, batter OUT! 1-3
Batting: RHB Juan Gonzáles 0-0: Called Strike
0-1: Swinging Strike
0-2: Foul Ball, location: 2F
0-2: Ball
1-2: Ball
2-2: Foul Ball, location: 2F
2-2: Strikes out looking
Batting: RHB Jorge Loanos 0-0: Called Strike
0-1: Ball
1-1: Fly out, F7 (Flyball, 78M)
Top of the 5th over - 0 run(s), 0 hit(s), 0 error(s), 0 left on base; Athens 2 - Beaverton 5
BOTTOM OF THE 5TH
Beaverton Bronze Souls batting - Pitching for Athens Assassins : RHP Anastasio García
Batting: RHB Tom Hicks 0-0: Fly out, F8 (Line Drive, 8LS)
Batting: RHB Juan Becerra 0-0: Foul Ball, location: 2F
0-1: Called Strike
0-2: Ball
1-2: Fly out, F3 (Popup, 3F)
Batting: LHB Richard Méndez 0-0: Ball
1-0: Foul Ball, location: 2F
1-1: Swinging Strike
1-2: Ball
2-2: Ball
3-2: Base on Balls
Pitching: RHP Juan Carlos Guerrero
Batting: RHB Brian Dixon 0-0: Ball
1-0: Fly out, F3 (Line Drive, 3S)
Bottom of the 5th over - 0 run(s), 0 hit(s), 0 error(s), 1 left on base; Athens 2 - Beaverton 5
TOP OF THE 6TH
Athens Assassins batting - Pitching for Beaverton Bronze Souls : LHP Reynaldo Vázquez
Batting: LHB Terry Simpson 0-0: Ball
1-0: Foul Ball, location: 2F
1-1: Ball
2-1: Swinging Strike
2-2: Strikes out swinging
Batting: LHB António Romo 0-0: Ball
1-0: Foul Ball, location: 2F
1-1: Called Strike
1-2: Ground out 4-3 (Groundball, 4D)
Batting: LHB Giovannino Arduino 0-0: Fly out, F5 (Popup, 5S)
Top of the 6th over - 0 run(s), 0 hit(s), 0 error(s), 0 left on base; Athens 2 - Beaverton 5
BOTTOM OF THE 6TH
Beaverton Bronze Souls batting - Pitching for Athens Assassins : RHP Juan Carlos Guerrero
Batting: RHB Jim Villiers 0-0: Ball
1-0: Foul Ball, location: 2F
1-1: Fly out, F8 (Flyball, 8LD)
Batting: RHB Jaime Rodríguez 0-0: Ball
1-0: Foul Ball, location: 2F
1-1: Ball
2-1: Swinging Strike
2-2: Strikes out swinging
Batting: SHB Jesús Sosa 0-0: Ball
1-0: SOLO HOME RUN (Flyball, 89XD), Distance : 397 ft
Batting: LHB Miguel Barrón 0-0: Ball
1-0: Ball
2-0: SINGLE (Groundball, 56D)
Batting: RHB David Kerr 0-0: Ball
1-0: Foul Ball, location: 2F
1-1: Ball
2-1: Ground out 5-3 (Groundball, 56S)
Bottom of the 6th over - 1 run(s), 2 hit(s), 0 error(s), 1 left on base; Athens 2 - Beaverton 6
TOP OF THE 7TH
Athens Assassins batting - Pitching for Beaverton Bronze Souls : LHP Reynaldo Vázquez
Batting: LHB Al Bartlett 0-0: Foul Ball, location: 2F
0-1: Ball
1-1: Ball
2-1: Foul Ball, location: 2F
2-2: Ball
3-2: Fly out, F7 (Flyball, 7D)
Batting: LHB Luis Vázquez 0-0: Foul Ball, location: 2F
0-1: Swinging Strike
0-2: Ball
1-2: Ball
2-2: Strikes out swinging
Batting: LHB Tommy Payne 0-0: Ball
1-0: TRIPLE (Flyball, 89D)
Batting: SHB José Estreito 0-0: Ball
1-0: Ball
2-0: Ball
3-0: Called Strike
3-1: Base on Balls
Batting: RHB Juan Gonzáles 0-0: Ball
1-0: Fly out, F8 (Flyball, 8RM)
Top of the 7th over - 0 run(s), 1 hit(s), 0 error(s), 2 left on base; Athens 2 - Beaverton 6
BOTTOM OF THE 7TH
Beaverton Bronze Souls batting - Pitching for Athens Assassins : RHP Juan Carlos Guerrero
Batting: RHB Tom Hicks 0-0: Ball
1-0: Called Strike
1-1: Ball
2-1: SINGLE (Groundball, 6)
Batting: RHB Juan Becerra 0-0: Sac Bunt - play at first, batter OUT! 4-3
Tom Hicks to second
Batting: LHB Richard Méndez 0-0: Called Strike
0-1: Ball
1-1: Called Strike
1-2: Foul Ball, location: 2F
1-2: Strikes out swinging
Batting: RHB Brian Dixon 0-0: Ball
1-0: Foul Ball, location: 2F
1-1: Foul Ball, location: 2F
1-2: Hit by Pitch
Batting: RHB Jim Villiers 0-0: Ball
1-0: SINGLE (Line Drive, 7S)
Tom Hicks to third
Brian Dixon to second
Runner from 3rd tries for Home, SAFE, no throw or cutoff
Batting: RHB Jaime Rodríguez 0-0: Fly out, F9 (Flyball, 9S)
Bottom of the 7th over - 1 run(s), 2 hit(s), 0 error(s), 2 left on base; Athens 2 - Beaverton 7
TOP OF THE 8TH
Athens Assassins batting - Pitching for Beaverton Bronze Souls : LHP Reynaldo Vázquez
Pitching: LHP Luis Carbajal
Batting: RHB Jorge Loanos 0-0: Fly out, F4 (Popup, 3D)
Batting: LHB Terry Simpson 0-0: Ball
1-0: Ball
2-0: Foul Ball, location: 2F
2-1: Ball
3-1: Foul Ball, location: 2F
3-2: Foul Ball, location: 2F
3-2: Ground out 1-3 (Groundball, 13S)
Batting: LHB António Romo 0-0: Ball
1-0: Foul Ball, location: 2F
1-1: Foul Ball, location: 2F
1-2: Foul Ball, location: 2F
1-2: Ball
2-2: Strikes out swinging
Top of the 8th over - 0 run(s), 0 hit(s), 0 error(s), 0 left on base; Athens 2 - Beaverton 7
BOTTOM OF THE 8TH
Beaverton Bronze Souls batting - Pitching for Athens Assassins : RHP Juan Carlos Guerrero
Pitching: RHP Ramiro Sierra
Batting: SHB Jesús Sosa 0-0: Ball
1-0: Ball
2-0: Called Strike
2-1: Ball
3-1: Foul Ball, location: 2F
3-2: Base on Balls
Batting: LHB Miguel Barrón 0-0: Bunt missed!
0-1: Sac Bunt - play at first, batter OUT! 1-4
Jesús Sosa to second
Batting: RHB David Kerr 0-0: Called Strike
0-1: Ball
1-1: Foul Ball, location: 2F
1-2: Ball
2-2: Ball
3-2: Base on Balls
Batting: RHB Tom Hicks 0-0: Ball
1-0: Called Strike
1-1: Foul Ball, location: 2F
1-2: Foul Ball, location: 2F
1-2: SINGLE (Popup, 9LS)
Jesús Sosa to third
David Kerr to second
Runner from 3rd tries for Home, SAFE, throw made home
Batting: RHB Juan Becerra 0-0: Foul Ball, location: 2F
0-1: Called Strike
0-2: Ball
1-2: Fly out, F9 (Flyball, 89M)
Batting: LHB Richard Méndez 0-0: Called Strike
0-1: Ball
1-1: Ball
2-1: Foul Ball, location: 2F
2-2: Ground out 4-3 (Groundball, 4S)
Bottom of the 8th over - 1 run(s), 1 hit(s), 0 error(s), 2 left on base; Athens 2 - Beaverton 8
TOP OF THE 9TH
Athens Assassins batting - Pitching for Beaverton Bronze Souls : LHP Luis Carbajal
Batting: LHB Giovannino Arduino 0-0: Called Strike
0-1: Foul Ball, location: 2F
0-2: SINGLE (Line Drive, 89S)
Batting: LHB Al Bartlett 0-0: Ball
1-0: Swinging Strike
1-1: Foul Ball, location: 2F
1-2: Ball
2-2: SINGLE (Groundball, 4M)
Giovannino Arduino to second
Batting: LHB Luis Vázquez 0-0: Called Strike
0-1: Ball
1-1: Ball
2-1: Ball
Wild Pitch!
Giovannino Arduino to third
Al Bartlett to second
3-1: Called Strike
3-2: Strikes out swinging
Batting: LHB Tommy Payne 0-0: Called Strike
0-1: Ball
1-1: Ball
2-1: Ball
3-1: Foul Ball, location: 2F
3-2: Strikes out looking
Batting: SHB José Estreito 0-0: Ball
1-0: Called Strike
1-1: Ball
2-1: Ball
3-1: Base on Balls
Batting: RHB Juan Gonzáles 0-0: Ball
1-0: Called Strike
1-1: SINGLE (Groundball, 6MD)
Giovannino Arduino scores
Al Bartlett to third
José Estreito to second
Runner from 3rd tries for Home, SAFE, throw made at trailing runner, SAFE at third!
Pitching: RHP Taylor Bowen
Batting: RHB Jorge Loanos 0-0: Called Strike
0-1: Ball
1-1: Ball
2-1: Foul Ball, location: 2F
2-2: Foul Ball, location: 2F
2-2: Foul Ball, location: 2F
2-2: Ball
3-2: Base on Balls
Juan Gonzáles to second
Batting: LHB Terry Simpson 0-0: Ball
1-0: Fly out, F7 (Flyball, 7M)
Top of the 9th over - 2 run(s), 3 hit(s), 0 error(s), 3 left on base; Athens 4 - Beaverton 8
This league is powered by Out of the Park Baseball, the baseball management simulation game for PC, Mac and Linux
Tuesday, August 2nd, 2016 - OOTP Baseball 16.8 Build 38